 Dungeon Crawl Stone Soup version 0.28-b1-1-g3c77fb2ed1 (webtiles) character file.

Game seed: 14512587454806210644

676 Descartes the Stinger (level 7, -5/35 (36) HPs)
             Began as a Deep Elf Wanderer on Jan 29, 2022.
             Slain by a wight (13 damage)
             ... on level 7 of the Dungeon.
             The game lasted 00:16:04 (5015 turns).

Descartes the Stinger (Deep Elf Wanderer)           Turns: 5015, Time: 00:16:05

HP:   -5/35 (36)    AC:  5    Str:  6 (9)  XL:     7   Next: 33%
MP:   13/13         EV: 13    Int: 19 (21) God:
Gold: 75            SH:  0    Dex: 13 (14) Spells: 8/12 levels left

rFire   . . .      SeeInvis .   p - +2 dagger (flame)
rCold   x . .      Faith    .   (no shield)
rNeg    . . .      Spirit   .   c - +0 robe
rPois   +          Reflect  .   b - +0 helmet
rElec   .          Harm     .   (no cloak)
rCorr   .          Rampage  .   s - +1 pair of gloves
Will    .....                   (no boots)
Stlth   ++........              (no amulet)
HPRegen 0.11/turn               r - ring of Puetari {+Blink rPois rC- Int+2}
MPRegen 0.13/turn               (no ring)

@: lightly drained
A: no striking features
a: Evoke Blink


You were on level 7 of the Dungeon.
You visited 1 branch of the dungeon, and saw 7 of its levels.

You collected 75 gold pieces.

Inventory:

Hand Weapons
 e - a +4 dagger
 p - a +2 dagger of flaming (weapon)
 t - a +2 dagger of venom
Missiles
 a - 133 stones
 j - 11 arrows
 l - 2 atropa-tipped darts
 n - 3 poisoned darts
 q - 19 sling bullets
Armour
 b - a +0 helmet (worn)
 c - a +0 robe (worn)
 s - a +1 pair of gloves (worn)
Jewellery
 r - the ring of Puetari (left hand) {+Blink rPois rC- Int+2}
   (You found it on level 4 of the Dungeon)

   [ring of poison resistance]

   Int:       It affects your intelligence (+2).
   rC:        It makes you vulnerable to cold.
   rPois:     It protects you from poison.
   +Blink:    It lets you blink.
Wands
 o - a wand of polymorph (1)
Scrolls
 d - a scroll of fear
Potions
 f - 2 potions of degeneration
 i - a potion of curing
 k - a potion of attraction {unknown}


   Skills:
 + Level 3.2(3.4) Short Blades
 - Level 1.0(2.1) Long Blades
 - Level 1.0 Armour
 + Level 3.9 Dodging
 - Level 3.6 Stealth
 - Level 3.1 Spellcasting
 - Level 1.2 Conjurations
 - Level 3.5 Transmutations
 - Level 2.0 Fire Magic
 - Level 5.4 Poison Magic
 - Level 1.0 Invocations


You had 8 spell levels left.
You knew the following spells:

 Your Spells              Type           Power      Damage    Failure   Level
a - Sting                 Tmut/Pois      80%        1d7       2%          1
b - Ignite Poison         Fire/Tmut/Pois 16%        N/A       10%         3

Your spell library contained the following spells:

 Spells                   Type           Power      Damage    Failure   Level
 Wereblood                Tmut           16%        N/A       5%          2
 Spider Form              Tmut/Pois      20%        N/A       7%          3
 Slow                     Hex            8%         N/A       16%         1
 Sublimation of Blood     Necr           2%         N/A       22%         2
 Confusing Touch          Hex            2%         N/A       41%         3
 Vampiric Draining        Necr           2%         2d6       41%         3
 Passage of Golubria      Tloc           2%         N/A       83%         4
 Silence                  Hex/Air        1%         N/A       99%         5
 Summon Hydra             Summ           1%         N/A       100%        7
 Lehudib's Crystal Spear  Conj/Erth      2%         10d2      100%        8


Dungeon Overview and Level Annotations

Branches:
Dungeon (8/15)             Temple (0/1) D:5
   Lair: D:8-11

Altars:
Nemelex Xobeh

Shops:
D:7 (   D:8 [

Portals:
Ossuary: D:5


Message History

Found 27 stones, a dagger and 6 gold pieces.
Found Inloozuops's Weapon Boutique.
There is a stone staircase leading down here.
Found a human corpse.
It was a potion of curing.
You feel better.
A scorpion comes into view.
The wight misses you.
The iguana hisses menacingly.
There is an entrance to Inloozuops's Weapon Boutique here.
The scorpion stings you but does no damage.
The scorpion stings you.
Found a book of Scorching.
The scorpion closely misses you. The scorpion stings you.
* * * LOW HITPOINT WARNING * * *
You feel better. The scorpion stings you.
It was a potion of degeneration.
There was something very wrong with that liquid.
You feel weakened.
You feel dopey.
You feel clumsy. The scorpion stings you.
Unknown command.
It was a potion of lignification.
You turn into a tree.
Your +0 helmet melds into your body.
Your +1 pair of gloves melds into your body.
Your +0 robe melds into your body.
Your roots penetrate the ground.
The scorpion stings you.
* * * LOW HITPOINT WARNING * * *
The wight hits you with a +4 scimitar.
* * * LOW HITPOINT WARNING * * *
You feel drained.
It was a potion of cancellation.
Your magical effects are unravelling.
You feel magically purged.
You feel less wooden.
Your +0 helmet unmelds from your body.
Your +1 pair of gloves unmelds from your body.
Your +0 robe unmelds from your body.
The scorpion stings you but does no damage.
The scorpion misses you. The wight hits you with a +4 scimitar!
You die...

#......###.........
#.......#........#
.................#
......###........#
......##.........###
..##...##..........####
..#.....#.......l.....##
...............sz.......
#....∩........##@.......
#..$...........#........
..#)...†#...............
.###...##...............
. #...>....(..........#
##...............####
#...............#
........#.........
.............


You could see a scorpion, an iguana and a wight.

Vanquished Creatures
  Grinder (D:5)
  A phantom (D:4)
  2 scorpions
  An orc priest (D:3)
  A hound (D:4)
  A bullfrog skeleton (D:4)
  Ijyb (D:3)
  Robin (D:3)
  4 gnolls (D:2)
  4 adders
  2 dart slugs (D:2)
  13 orcs
  6 ball pythons
  9 endoplasms
  4 giant cockroaches
  17 goblins
  8 hobgoblins
  A jackal (D:1)
  4 quokkas
  4 bats (D:1)
  2 frilled lizards
  3 kobolds
  4 rats
94 creatures vanquished.

Notes
Turn   | Place    | Note
-------+----------+-------------------------------------------
     0 | D:1      | Descartes the Deep Elf Wanderer began the quest for the
                  | Orb.
     0 | D:1      | Descartes set off with the following items: a +0 falchion,
                  | a +0 helmet, a +0 robe; and the following spell memorised:
                  | Sting; and the following spells available to memorise:
                  | Spider Form, Ignite Poison
     0 | D:1      | Reached XP level 1. HP: 10/10 MP: 5/5
   422 | D:1      | Reached XP level 2. HP: 15/15 MP: 2/6
   543 | D:1      | Reached skill level 4 in Poison Magic
  1002 | D:1      | Reached skill level 1 in Transmutations
  1490 | D:2      | Reached XP level 3. HP: 18/19 MP: 3/7
  2216 | D:2      | Reached XP level 4. HP: 24/24 MP: 2/8
  2284 | D:2      | Reached skill level 5 in Poison Magic
  2519 | D:3      | Learned a level 3 spell: Ignite Poison
  2742 | D:3      | Reached XP level 5. HP: 28/28 MP: 2/10
  2873 | D:3      | Found a sparkling altar of Nemelex Xobeh.
  2891 | D:3      | Noticed Natasha
  3026 | D:3      | Noticed Ijyb
  3031 | D:3      | Killed Ijyb
  3032 | D:3      | Reached skill level 1 in Dodging
  3149 | D:3      | Reached skill level 1 in Fire Magic
  3187 | D:3      | Noticed Robin
  3193 | D:3      | Killed Robin
  3195 | D:3      | Reached skill level 1 in Short Blades
  3856 | D:4      | Identified the ring of Puetari {+Blink rPois rC- Int+2}
  3871 | D:4      | Reached XP level 6. HP: 22/32 MP: 2/11
  4541 | D:4      | Reached skill level 1 in Conjurations
  4875 | D:5      | Entered Level 5 of the Dungeon
  4937 | D:5      | Noticed Grinder
  4948 | D:5      | Killed Grinder
  4949 | D:5      | Reached XP level 7. HP: 22/36 MP: 13/13
  4967 | D:5      | Found a sand-covered staircase.
  4970 | D:5      | You fall into a shaft and drop 3 floors!
  4983 | D:8      | Found Docis's Armour Shop.
  4990 | D:7      | Found Inloozuops's Weapon Boutique.
  5015 | D:7      | Slain by a wight

Illustrated notes

Levels and vault maps discovered:
D:1:      roderic_chinese_lattice_arrival, layout_basic, minmay_box_of_dots
D:2:      layout_loops_ring
D:3:      layout_loops_ring, nemelex_spade_bored_becter, minmay_misc_feat_doors,
          minmay_misc_feat_five, uniq_ijyb, uniq_robin, uniq_natasha
D:4:      layout_basic, minmay_liquid_box
D:5:      layout_basic, minmay_temple_entry_tees, serial_glass, glass_columns_b,
          glass_columns_a, item_on_display_a, item_on_display_a,
          due_unseen_surprise, minmay_strange_pillars,
          chequers_ossuary_entry_cave, uniq_grinder, uniq_edmund
D:7:      layout_cave_pools, serial_shops, nicolae_shop_bloodbath_and_beyond,
          gammafunk_ghost_wrathful_warriors
D:8:      layout_loops_corners, nicolae_overflow_hidden_temple,
          gammafunk_temple_overflow_wave, serial_undead, serial_undead_d,
          serial_undead_f, serial_undead_b, serial_undead_d, serial_shops, shop

Skill      XL: |  1  2  3  4  5  6 |
---------------+-------------------+-----
Poison Magic   | 4 5 |  5.4
Transmutations | 1 2 3 |  3.5
Spellcasting   | 2 3 |  3.1
Dodging        | 1 3 |  3.9
Fire Magic     | 1 2 |  2.0
Short Blades   | 1 3 |  3.2
Conjurations   | 1 |  1.2
Long Blades    | |  1.0
Armour         | |  1.0
Stealth        | |  3.6
Invocations    | |  1.0

Action                   |  1- 3 |  4- 6 |  7- 9 || total
-------------------------+-------+-------+-------++-------
Melee: Dagger            |     7 |    50 |     1 ||    58
 Cast: Sting             |    71 |   103 |     2 ||   176
       Ignite Poison     |       |     4 |       ||     4
Evoke: Wand              |       |     1 |       ||     1
  Use: Scroll            |       |     5 |       ||     5
       Potion            |       |       |     5 ||     5
 Stab: Sleeping          |       |     2 |       ||     2
Armor: Robe              |     7 |     8 |     3 ||    18
Dodge: Dodged            |    15 |    55 |     3 ||    73
